 Dungeon Crawl Stone Soup version 0.30.2 (webtiles) character file.

Game seed: 9527062819137482874

20468 porpoise the Geomancer (level 12, -1/92 HPs)
             Began as a Demonspawn Wanderer on Jan 24, 2024.
             Was an Elder of Vehumet.
             Slain by an elephant (6 damage)
             ... on level 2 of the Lair of Beasts.
             The game lasted 01:10:16 (15958 turns).

porpoise the Geomancer (Demonspawn Wanderer)       Turns: 15958, Time: 01:10:17

Health: -1/92      AC: 14    Str: 14    XL:     12   Next: 45%
Magic:  31/31      EV: 12    Int: 25    God:    Vehumet [****..]
Gold:   810        SH:  6    Dex: 11    Spells: 18/25 levels left

rFire   . . .        a - +1 short sword (venom)
rCold   . . .        d - +1 buckler
rNeg    . . .        C - +0 acid dragon scales
rPois   .            (no helmet)
rElec   .            i - +1 cloak {rCorr}
rCorr   +            h - +0 pair of gloves
SInv    .            F - +0 pair of boots
Will    .....        I - amulet of magic regeneration
Stlth   ++           x - ring of magical power
HPRegen 0.35/turn    N - +6 ring of intelligence
MPRegen 0.84/turn

%: no passive effects
@: no status effects
A: slimy green scales 2, foul stench 1, magic regeneration, demonic touch 2
a: Renounce Religion


You were on level 2 of the Lair of Beasts.
You worshipped Vehumet.
Vehumet was greatly pleased with you.
You visited 3 branches of the dungeon, and saw 16 of its levels.

You collected 810 gold pieces.

Inventory:

Hand Weapons
 a - a +1 short sword of venom (weapon)
 b - a +1 sling of draining
Missiles
 K - a curare-tipped dart (quivered)
Armour
 d - a +1 buckler (worn)
 h - a +0 pair of gloves (worn)
 i - a +1 cloak of preservation (worn)
 C - +0 acid dragon scales (worn)
 F - a +0 pair of boots (worn)
Jewellery
 j - a ring of protection from cold
 s - a ring of resist corrosion
 x - a ring of magical power (left hand)
 I - an amulet of magic regeneration (around neck)
 N - a +6 ring of intelligence (right hand)
 Y - a ring of protection from fire
Wands
 e - a wand of roots (3)
 u - a wand of flame (19)
 A - a wand of acid (1)
 J - a wand of mindburst (13)
Scrolls
 f - a scroll of noise
 g - 2 scrolls of blinking
 k - 6 scrolls of teleportation
 l - a scroll of fear {unknown}
 m - a scroll of enchant weapon
 p - 2 scrolls of vulnerability
 E - a scroll of silence {unknown}
 L - a scroll of torment {unknown}
 O - a scroll of poison
 U - a scroll of magic mapping
Potions
 c - a potion of magic
 n - 3 potions of brilliance
 o - a potion of cancellation
 q - 8 potions of curing
 r - 6 potions of attraction
 v - 5 potions of heal wounds
 H - a potion of lignification
 T - a potion of might
 W - 3 potions of haste
Miscellaneous
 S - a phantom mirror


   Skills:
 + Level 7.7 Fighting
 - Level 1.0 Throwing
 + Level 4.8 Armour
 - Level 5.0 Dodging
 - Level 5.0 Stealth
 - Level 5.0 Shields
 - Level 7.0 Spellcasting
 - Level 9.0 Conjurations
 - Level 5.0 Hexes
 - Level 9.0 Earth Magic
 - Level 5.0 Evocations


You had 18 spell levels left.
You knew the following spells:

 Your Spells              Type           Power      Damage    Failure   Level
a - Sandblast             Erth           100%       2d20      1%          1
b - Stone Arrow           Conj/Erth      100%       3d13      1%          3
t - Confusing Touch       Hex            33%        N/A       4%          3

Your spell library contained the following spells:

 Spells                   Type           Power      Damage    Failure   Level
 Sticky Flame             Conj/Fire      31%        2d5       5%          4
 Kiss of Death            Conj/Necr      100%       2d13      1%          1
 Slow                     Hex            100%       N/A       1%          1
 Dazzling Flash           Conj/Hex       86%        N/A       1%          3
 Leda's Liquefaction      Hex/Erth       21%        N/A       7%          4
 Ignite Poison            Fire/Tmut/Pois 8%         N/A       10%         3
 Apportation              Tloc           16%        N/A       12%         1
 Arcjolt                  Conj/Air       15%        1d25      13%         5
 Cigotuvi's Dreadful Rot  Necr/Pois/Air  16%        N/A       19%         2
 Sublimation of Blood     Necr           8%         N/A       19%         2
 Wereblood                Tmut           8%         N/A       19%         2
 Freezing Cloud           Conj/Ice/Air   11%        6-21      24%         5
 Vhi's Electric Charge    Tloc/Air       16%        N/A       34%         3
 Dispel Undead            Necr           8%         3d8       75%         4
 Silence                  Hex/Air        10%        N/A       75%         5
 Agony                    Necr           8%         N/A       97%         5
 Alistair's Intoxication  Tmut/Pois      5%         N/A       97%         5
 Plasma Beam              Fire/Air       4%         2x1d15    98%         6
 Summon Hydra             Summ           4%         N/A       100%        7


Dungeon Overview and Level Annotations

Branches:
Dungeon (13/15)            Temple (1/1) D:7            Lair (2/5) D:11
    Orc (0/2) D:10
  Swamp: Lair:2-3    Shoals: Lair:2-3     Snake: Lair:2-3    Spider: Lair:2-3
 Vaults: D:13-14

Altars:
Cheibriados
Dithmenos
Fedhas
Gozag
Hepliaklqana
Makhleb
Nemelex Xobeh
Okawaru
Qazlal
Ru
Sif Muna
Trog
Uskayaw
Vehumet
Wu Jian
Xom
Yredelemnul

Annotations:
D:6 1 runed translucent door, BaconRulez's ghost, novice HuFi


Innate Abilities, Weirdness & Mutations

You are mostly covered in slimy green scales. (AC +3)
You may rarely emit foul miasma when damaged in melee.
You regenerate magic rapidly.
Your touch may inflict irresistible damage on your foes.


Message History

The elephant closely misses you.
The elephant tramples you but does no damage.
The elephant trunk-slaps you but does no damage.
You hit the elephant.
The elephant is almost dead.
The elephant tramples you but does no damage.
The elephant trunk-slaps you but does no damage.
The elephant is engulfed in dark miasma.
The elephant looks as sick as possible!
The elephant tramples you!
* * * LOW HITPOINT WARNING * * *
You hold your ground!
The elephant trunk-slaps you but does no damage.
You hit the elephant but do no damage.
The elephant is almost dead.
The elephant is engulfed in dark miasma.
The elephant looks as sick as possible!
You kill the elephant!
Vehumet accepts your kill. You block the elephant's attack.
The elephant trunk-slaps you but does no damage.
Training target 7.0 for Spellcasting reached!
Your Spellcasting skill increases to level 7!
You hit the elephant but do no damage.
The elephant looks as sick as possible!
The elephant is almost dead.
You kill the elephant!
Vehumet accepts your kill.
The elephant tramples itself!
The elephant trunk-slaps itself.
You see here an elephant corpse.
The elephant tramples you.
* * * LOW HITPOINT WARNING * * *
You stumble backwards!
You hit the elephant but do no damage.
The elephant looks even sicker.
The elephant is heavily wounded.
The elephant seems less confused.
The elephant tramples you!
* * * LOW HITPOINT WARNING * * *
You stumble backwards!
You hit the elephant but do no damage.
The elephant looks as sick as possible!
The elephant is heavily wounded.
The elephant tramples you.
You die...

..###...## ##...### ##. .#.##...#
#.....###.. .####..## ####
###.....##... #......#
##..###..#....#..## #......#
##†..............## #..#####
##.#...##...#....## .#..♣.#####
#.†....#...#....#.#
.#.....#..####..Y.....#.....###
.+..>.♣.#...#...@...........#
......[♣##..#..#....#...#...#####
.##.♣..##.##...#...##...#.....##.
#############.............P#.....
# ##...#....#....#..... ##
######..#...#.....#.###.. .#
#P##...#...##...#.### ##. .#
#.......Y........## ## .##
###............#.##.#


You could see an elephant (extremely poisoned).

Vanquished Creatures
  Fannar (Lair:1)
  A boulder beetle (D:11)
  2 two-headed ogres
  An ugly thing (D:12)
  5 elephants (Lair:2)
  2 rime drakes (Lair:1)
  An unseen horror (D:10)
  2 kobold demonologists
  3 komodo dragons
  2 trolls (D:10)
  9 blink frogs (Lair:2)
  Sigmund (D:4)
  28 yaks
  2 wyverns
  A vampire (D:11)
  A wraith (D:12)
  2 basilisks (Lair:1)
  2 vampire mosquitoes (D:10)
  2 steam dragons
  4 water moccasins
  2 acid dragons
  12 orc warriors
  2 sky beasts
  2 ice beasts
  6 ogres
  3 wolves (Lair:1)
  3 centaurs
  6 kobold brigands
  A phantom (D:5)
  8 bullfrogs
  2 gnoll sergeants
  A water moccasin zombie (D:5)
  4 scorpions
  4 wights
  5 killer bees (D:7)
  4 howler monkeys
  5 hounds
  A human zombie (D:5)
  2 gnoll boudas
  4 jellies
  6 orc priests
  2 iguanas
  16 orc wizards
  2 killer bee zombies (D:5)
  5 mummies (D:5)
  A hound zombie (D:5)
  A howler monkey zombie (D:5)
  9 adders
  14 gnolls
  A shadow imp (D:5)
  2 white imps
  An ufetubus (D:5)
  2 worms (D:3)
  6 dart slugs
  41 orcs
  3 bats
  14 endoplasms
  2 giant cockroaches
  12 goblins
  5 hobgoblins
  5 jackals
  3 quokkas
  5 ball pythons
  7 frilled lizards
  20 kobolds
  2 rats
336 creatures vanquished.

Notes
Turn   | Place    | Note
-------+----------+-------------------------------------------
     0 | D:1      | porpoise the Demonspawn Wanderer began the quest for the
                  | Orb.
     0 | D:1      | porpoise set off with the following items: a +0 club, a
                  | potion of heal wounds, a +0 robe, a +0 buckler; and the
                  | following spells available to memorise: Sandblast, Slow,
                  | Stone Arrow, Dazzling Flash, Leda's Liquefaction.
     0 | D:1      | Reached XP level 1. HP: 13/13 MP: 2/2
     2 | D:1      | Learned a level 1 spell: Sandblast
   191 | D:1      | Gained mutation: Your touch may inflict minor irresistible
                  | damage on your foes. [demonic ancestry]
   191 | D:1      | Reached XP level 2. HP: 19/19 MP: 0/3
   576 | D:1      | Reached XP level 3. HP: 24/24 MP: 2/5
   631 | D:1      | Found a faded altar of an unknown god.
   738 | D:1      | Learned a level 3 spell: Stone Arrow
   937 | D:1      | HP: 1/24 [hobgoblin/+2 falchion of holy wrath (12)]
  1492 | D:2      | Reached XP level 4. HP: 29/30 MP: 2/7
  1815 | D:2      | Learned a level 3 spell: Confusing Touch
  2494 | D:3      | Gained mutation: You are partially covered in slimy green
                  | scales. (AC +2) [demonic ancestry]
  2494 | D:3      | Reached XP level 5. HP: 30/35 MP: 3/8
  2958 | D:3      | Reached skill level 5 in Earth Magic
  3144 | D:3      | Found a blossoming altar of Fedhas.
  3297 | D:4      | Noticed Sigmund
  3301 | D:4      | Killed Sigmund
  3302 | D:4      | Gained mutation: You regenerate magic rapidly. [demonic
                  | ancestry]
  3302 | D:4      | Reached XP level 6. HP: 23/41 MP: 5/10
  3410 | D:4      | Noticed an ice beast
  3429 | D:4      | Killed an ice beast
  3436 | D:4      | Gained mutation: Your touch may inflict irresistible damage
                  | on your foes. [demonic ancestry]
  3436 | D:4      | Reached XP level 7. HP: 16/46 MP: 2/12
  3712 | D:4      | Found a shimmering altar of Xom.
  4108 | D:5      | Entered Level 5 of the Dungeon
  4444 | D:5      | Found a basalt altar of Yredelemnul.
  4855 | D:5      | Reached skill level 5 in Conjurations
  4855 | D:5      | Reached XP level 8. HP: 50/52 MP: 14/14
  5900 | D:6      | Reached skill level 5 in Spellcasting
  6045 | D:6      | Found a runed translucent door.
  6048 | D:6      | Noticed BaconRulez's ghost (novice HuFi)
  6237 | D:6      | Found a sacrificial altar of Ru.
  6333 | D:6      | Reached skill level 1 in Fighting
  6345 | D:6      | Gained mutation: You may rarely emit foul miasma when
                  | damaged in melee. [demonic ancestry]
  6345 | D:6      | Reached XP level 9. HP: 29/61 MP: 16/16
  6632 | D:6      | Found an iron altar of Okawaru.
  7221 | D:7      | Found a shadowy altar of Dithmenos.
  7325 | D:7      | Found a staircase to the Ecumenical Temple.
  7675 | Temple   | Entered the Ecumenical Temple
  7772 | Temple   | Became a worshipper of Vehumet
  8850 | D:8      | Reached skill level 5 in Stealth
  8855 | D:8      | Reached * piety under Vehumet
  8855 | D:8      | Offered knowledge of Magic Dart by Vehumet.
  8856 | D:8      | Reached skill level 5 in Fighting
  9027 | D:8      | Reached skill level 5 in Hexes
  9027 | D:8      | Reached XP level 10. HP: 70/74 MP: 17/17
  9587 | D:9      | Reached skill level 1 in Evocations
 10407 | D:9      | Reached ** piety under Vehumet
 10413 | D:9      | Offered knowledge of Static Discharge by Vehumet.
 10733 | D:10     | Entered Level 10 of the Dungeon
 10765 | D:10     | You fall into a shaft and drop 3 floors!
 10788 | D:13     | Identified a scroll of acquirement
 10788 | D:13     | Acquired a +1 cloak of preservation
 10879 | D:12     | Noticed a two-headed ogre
 10953 | D:12     | Noticed a brown ugly thing
 10966 | D:12     | Killed a brown ugly thing
 11196 | D:11     | Noticed a two-headed ogre
 11215 | D:11     | Reached skill level 5 in Shields
 11249 | D:11     | Killed a two-headed ogre
 11250 | D:11     | Reached skill level 1 in Dodging
 11250 | D:11     | Reached skill level 5 in Evocations
 11343 | D:11     | Gained mutation: You are mostly covered in slimy green
                  | scales. (AC +3) [demonic ancestry]
 11343 | D:11     | Reached XP level 11. HP: 64/84 MP: 18/18
 11474 | D:10     | Noticed a two-headed ogre
 11479 | D:10     | Killed a two-headed ogre
 11730 | D:10     | Found a staircase to the Orcish Mines.
 12168 | D:10     | Offered knowledge of Volatile Blastmotes by Vehumet.
 12825 | D:11     | Noticed a boulder beetle
 12830 | D:11     | Killed a boulder beetle
 13046 | D:11     | Found a staircase to the Lair.
 13320 | Lair:1   | Entered Level 1 of the Lair of Beasts
 13344 | Lair:1   | Noticed Fannar
 13363 | Lair:1   | Killed Fannar
 13863 | Lair:1   | Reached *** piety under Vehumet
 13867 | Lair:1   | Reached skill level 5 in Dodging
 14056 | Lair:1   | Reached skill level 1 in Armour
 14369 | Lair:1   | Reached XP level 12. HP: 82/91 MP: 20/20
 14374 | Lair:1   | Offered knowledge of Sticky Flame by Vehumet.
 15633 | Lair:2   | Reached **** piety under Vehumet
 15957 | Lair:2   | HP: 4/92 [elephant (13)]
 15958 | Lair:2   | Slain by an elephant

Illustrated notes

Levels and vault maps discovered:
D:1:      dpeg_arrival_arbitrary_a, layout_rooms,
          hellmonk_ecumenical_altar_crossroads, serial_corexii_hall,
          chequers_hall_statues_y, corexii_hall_statues_t,
          corexii_hall_statues_s, corexii_hall_statues_i, chequers_mini_garden
D:2:      layout_loops_ring, cheibrodos_gnoll_hut
D:3:      layout_rooms, fedhas_altar_4, minmay_quadrilaterals
D:4:      layout_rooms, lemuel_tele_altar, uniq_sigmund
D:5:      minmay_spotlight, layout_basic, lemuel_mausoleum_altar_yredelemnul,
          amcnicky_altar_gilded, kennysheep_decorative_pillar
D:6:      layout_gridville, mainiacjoe_overflow_swirl,
          hellmonk_ghost_happy_afterlife, minmay_diced_spiral
D:7:      layout_loops_cross, grunt_dithmenos_smoke_and_mirrors,
          minmay_temple_entry_offerings
D:8:      layout_rooms, grunt_ministairs_14
D:9:      layout_irregular_city
D:10:     layout_cave_pools, kennysheep_orc_monster_closet_entryway
D:11:     layout_roguey, david_lair_shrubbed
D:12:     minmay_the_grid_triangle_9x9_line_8_mashed
          [minmay_the_grid_triangle_9x9_longest,
          minmay_the_grid_triangle_9x9_shrine,
          minmay_the_grid_triangle_9x9_corruption,
          minmay_the_grid_triangle_9x9_swiss_cheese,
          minmay_the_grid_triangle_9x9_descending_squares,
          minmay_the_grid_triangle_9x9_from_above,
          minmay_the_grid_triangle_9x9_steps,
          minmay_the_grid_triangle_9x9_prize_insulated], layout_stronghold,
          minmay_misc_feat_square
D:13:     layout_roguey, uniq_urug, uniq_kirke, uniq_frances
Temple:   bh_familiar_temple
Lair:1:   layout_chaotic_city, chequers_serial_rivers_micro_a, uniq_fannar
Lair:2:   layout_cave_pods, minivault_26, grunt_megastairs_1

Skill      XL: |  1  2  3  4  5  6  7  8  9 10 11 12 |
---------------+-------------------------------------+-----
Earth Magic    | 3 4 5 6 7 9 |  9.0
Spellcasting   | 2 3 4 5 7 |  7.0
Conjurations   | 2 3 5 7 9 |  9.0
Fighting       | 1 5 7 |  7.7
Stealth        | 2 5 |  5.0
Hexes          | 5 |  5.0
Shields        | 2 5 |  5.0
Evocations     | 5 |  5.0
Dodging        | 1 5 |  5.0
Armour         | 2 4 |  4.8
Throwing       | |  1.0

Action                     |  1- 3 |  4- 6 |  7- 9 | 10-12 || total
---------------------------+-------+-------+-------+-------++-------
  Melee: Short sword       |    57 |     2 |    28 |    66 ||   153
         Whip              |       |    10 |    13 |       ||    23
         Sling             |       |       |     1 |     3 ||     4
   Fire: Sling             |       |       |    54 |   139 ||   193
  Throw: Dart              |       |       |       |     3 ||     3
   Cast: Sandblast         |    44 |   100 |   209 |   209 ||   562
         Stone Arrow       |       |       |    16 |   127 ||   143
         Confusing Touch   |       |       |       |     9 ||     9
    Use: Scroll            |     1 |       |    10 |    12 ||    23
         Potion            |       |       |     1 |     1 ||     2
   Stab: Sleeping          |     2 |     1 |       |       ||     3
         Confused          |       |       |       |     3 ||     3
 Armour: Robe              |    12 |    27 |    57 |    26 ||   122
         Acid dragon scale |       |       |       |   116 ||   116
  Dodge: Dodged            |    40 |    37 |    86 |   148 ||   311
  Block: Buckler           |    11 |     7 |    28 |    97 ||   143
